 Dungeon Crawl Stone Soup version 0.30-a0-722-g3e6e8c874d (webtiles) character file.

Game seed: 4426901031275715265

761 Lobster4 the Trooper (level 7, -7/68 HPs)
             Began as a Troll Artificer on Jan 27, 2023.
             Splashed by a jelly's acid (9 damage)
             ... on level 5 of the Dungeon.
             The game lasted 00:07:00 (3432 turns).

Lobster4 the Trooper (Troll Artificer)              Turns: 3432, Time: 00:07:01

Health: -7/68      AC: -3    Str: 23    XL:     7   Next: 51%
Magic:  6/6        EV: 10    Int:  7    God:
Gold:   250        SH:  5    Dex: 10    Spells: 6/6 levels left

rFire   . . .      SeeInvis .      - Unarmed
rCold   . . .      Faith    .    (no shield)
rNeg    . . .      Spirit   .    q - +0 robe
rPois   .          Reflect  +    (helmet restricted)
rElec   .          Harm     .    (no cloak)
rCorr   .          Rampage  .    (gloves unavailable)
Will    .....                    (boots unavailable)
Stlth   +                        r - amulet of reflection
HPRegen 1.11/turn                (no ring)
MPRegen 0.10/turn                (no ring)

@: lethally poisoned (-7 -> -10), corroded
A: large, unfitting armour, claws 3, regeneration 1, shaggy fur 1, tough skin 1
a: no special abilities


You were on level 5 of the Dungeon.
You visited 2 branches of the dungeon, and saw 6 of its levels.

You collected 262 gold pieces.
You spent 12 gold pieces at shops.

Inventory:

Hand Weapons
 b - a +0 sling
 h - a +0 flail
 z - a +0 club
Missiles
 i - 3 poisoned darts
 t - 11 boomerangs
Armour
 q - a +0 robe (worn)
Jewellery
 n - a ring of wizardry
 r - an amulet of reflection (around neck)
Wands
 c - a wand of flame (15) (quivered)
 d - a wand of charming (15)
 e - a wand of iceblast (5)
Scrolls
 a - a scroll of teleportation {unknown}
 l - 3 scrolls of identify
 m - 2 scrolls of noise {unknown}
 o - 2 scrolls of fog {unknown}
 p - a scroll of enchant weapon {unknown}
 s - a scroll of silence {unknown}
 v - a scroll of immolation {unknown}
 w - a scroll of blinking {unknown}
 x - a scroll of fear {unknown}
Potions
 f - 2 potions of brilliance
 j - 2 potions of flight
 k - a potion of heal wounds
 u - a potion of curing


   Skills:
 * Level 3.7 Fighting
 + Level 2.4 Throwing
 + Level 2.4 Armour
 + Level 3.2 Dodging
 - Level 0.3 Stealth
 + Level 3.0 Unarmed Combat
 - Level 3.0 Evocations


You had 6 spell levels left.
You didn't know any spells.
Your spell library contained the following spells:

 Spells                   Type           Power      Damage    Failure   Level
 Apportation              Tloc           0%         N/A       43%         1
 Freeze                   Ice            0%         1d3       43%         1
 Necrotise                Necr           0%         1d4       43%         1
 Slow                     Hex            0%         N/A       43%         1
 Summon Small Mammal      Summ           0%         N/A       43%         1
 Cigotuvi's Dreadful Rot  Necr/Pois/Air  0%         N/A       56%         2
 Poisonous Vapours        Pois/Air       0%         N/A       56%         2
 Call Canine Familiar     Summ           0%         N/A       80%         3
 Confusing Touch          Hex            0%         N/A       80%         3
 Frozen Ramparts          Ice            0%         1d1       80%         3
 Hailstorm                Conj/Ice       0%         3d3       80%         3
 Mephitic Cloud           Conj/Pois/Air  0%         N/A       80%         3
 Summon Guardian Golem    Hex/Summ       0%         N/A       80%         3
 Vampiric Draining        Necr           0%         2d6       80%         3


Dungeon Overview and Level Annotations

Branches:
Dungeon (5/15)             Temple (1/1) D:4

Altars:
Ashenzari
Dithmenos
Elyvilon
Fedhas
Hepliaklqana
Makhleb
Nemelex Xobeh
Qazlal
Trog
Xom
Yredelemnul
Zin
The Shining One

Shops:
D:1 !


Innate Abilities, Weirdness & Mutations

You are too large for most types of armour.
You have claws for hands.
Your natural rate of healing is unusually fast.
You are covered in fur. (AC +1)
You have tough skin. (AC +1)


Message History

The water moccasin bites you. The black bear bites you.
The black bear claws you. The black bear closely misses you.
You barely miss the black bear.
The black bear is heavily wounded.
The water moccasin bites you but does no damage.
You block the black bear's attack. x2; The black bear claws you.
You claw the black bear!
The black bear is almost dead.
The water moccasin bites you!
You scratch the black bear.
You kill the black bear!
You block the water moccasin's attack. You block the jelly's attack.
The water moccasin bites you.
Your Unarmed Combat skill increases to level 3!
You claw the jelly! The acid corrodes you!
Your claws burn!
The jelly is heavily wounded.
The jelly hits you.
You are splashed with acid.
You block the water moccasin's attack.
You are too injured to fight recklessly!
You are too injured to fight recklessly!
You are too injured to fight recklessly!
You are too injured to fight recklessly!
You miss the water moccasin.
The jelly jiggles.
The jelly hits you.
You are splashed with acid!
The water moccasin closely misses you.
You miss the water moccasin. The water moccasin bites you!
* * * LOW HITPOINT WARNING * * *
You are poisoned.
The water moccasin poisons you! The jelly hits you.
* * * LOW HITPOINT WARNING * * *
The acid corrodes you!
You are splashed with acid!
* * * LOW HITPOINT WARNING * * *
You block the water moccasin's attack.
You miss the water moccasin.
You feel very sick. The jelly hits you.
* * * LOW HITPOINT WARNING * * *
You are splashed with acid!
You die...

.......# ......## ......#
.....## ##### .....#
#8..####....# [....
#......#J†S.# #...#
#......##@..# #...#
##...#...#...## #...#
#....#...#....# #...####
#.†.##...##...# #...##..
#...#.†...#...######...##.#
#...#.....#...#......<.....
#...#.....#...#............
#...#.(8).#...#............
#...#..(..#...####>#...#..#


You could see a water moccasin and a jelly.

Vanquished Creatures
  Menkaure (D:4)
  A black bear (D:5)
  A phantom (D:4)
  A necrophage (D:5)
  2 scorpions (D:5)
  A howler monkey (D:5)
  An iguana (D:5)
  10 gnolls
  5 adders
  3 worms
  7 dart slugs
  3 orcs
  4 ball pythons
  4 bats
  5 endoplasms
  2 giant cockroaches
  7 goblins
  5 hobgoblins
  A quokka (D:1)
  2 frilled lizards
  9 kobolds
  10 rats
85 creatures vanquished.

Notes
Turn   | Place    | Note
-------+----------+-------------------------------------------
     0 | D:1      | Lobster4 the Troll Artificer began the quest for the Orb.
     0 | D:1      | Reached XP level 1. HP: 18/18 MP: 0/0
   134 | D:1      | Reached skill level 1 in Fighting
   167 | D:1      | Reached XP level 2. HP: 27/27 MP: 1/1
   233 | D:1      | Found Anokk's Distillery.
   246 | D:1      | Bought a potion of degeneration for 12 gold pieces
   691 | D:1      | Reached skill level 1 in Unarmed Combat
   994 | D:2      | Reached XP level 3. HP: 33/33 MP: 2/2
  1510 | D:3      | Reached skill level 1 in Armour
  1615 | D:3      | Reached XP level 4. HP: 37/42 MP: 3/3
  1804 | D:3      | Found a shimmering altar of Xom.
  1869 | D:3      | You fall into a shaft and drop 2 floors!
  1869 | D:5      | Entered Level 5 of the Dungeon
  1911 | D:5      | Noticed a scorpion
  1955 | D:4      | Noticed a phantom
  1999 | D:4      | Noticed Menkaure
  2008 | D:4      | Killed Menkaure
  2009 | D:4      | Reached skill level 1 in Throwing
  2009 | D:4      | Reached XP level 5. HP: 18/50 MP: 4/4
  2077 | D:3      | Found a shimmering altar of Xom.
  2085 | D:3      | Found a shimmering altar of Xom.
  2086 | D:3      | Found a shimmering altar of Xom.
  2115 | D:3      | Found a faded altar of an unknown god.
  2421 | D:4      | Reached XP level 6. HP: 59/59 MP: 5/5
  2700 | D:4      | Found a staircase to the Ecumenical Temple.
  2711 | Temple   | Entered the Ecumenical Temple
  3306 | D:5      | Reached XP level 7. HP: 60/67 MP: 6/6
  3432 | D:5      | HP: 2/68 [jelly (3)]
  3432 | D:5      | Splashed by a jelly's acid

Illustrated notes

Levels and vault maps discovered:
D:1:      ebering_trefoil_twist, layout_loops_corners, serial_shops,
          nicolae_shop_advertising_works [nicolae_subvault_shop_adworks],
          wander_ebering_terrifying_dragon_lair
D:2:      layout_basic
D:3:      minmay_inner_zag, layout_rooms, xom_redecorated,
          shapermc_ecumenical_altar_totnotflames, serial_glass, glass_columns_a,
          glass_columns_b
D:4:      layout_loops_cross, minmay_temple_entry_mist, uniq_menkaure
D:5:      kennysheep_spiral_hall, layout_loops_cross, minmay_manual_macuahuitl
Temple:   hc_temple_tempest_star

Skill      XL: |  1  2  3  4  5  6  7 |
---------------+----------------------+-----
Fighting       | 1 2 3 |  3.7
Dodging        | 2 3 |  3.2
Unarmed Combat | 1 2 3 |  3.0
Armour         | 1 2 |  2.4
Throwing       | 1 2 |  2.4
Evocations     | 3 |  3.0
Stealth        | |  0.3

Action                     |  1- 3 |  4- 6 |  7- 9 || total
---------------------------+-------+-------+-------++-------
  Melee: Unarmed           |   121 |   128 |    41 ||   290
         Punch             |       |       |     1 ||     1
    Use: Scroll            |       |     5 |       ||     5
   Stab: Sleeping          |     1 |       |       ||     1
         Distracted        |       |     1 |       ||     1
 Armour: Robe              |    23 |    13 |     8 ||    44
  Dodge: Dodged            |    66 |    43 |    15 ||   124
  Block: Other             |    14 |    31 |    14 ||    59

Table legend: (Time is in decaauts)
 A = Elapsed time spent in this place.
 B = Non-inter-level travel time spent in this place.
 C = Inter-level travel time spent in this place.
 D = Time resting spent in this place.
 E = Time spent auto-exploring this place.
 F = Levels seen in this place.
 G = Mean time per level.
                   A        B        C        D        E       F      G
               +--------+--------+--------+--------+--------+-----+--------+
         Total |   3422 |   3233 |    189 |     23 |   2536 |   6 |  570.3 |
       Dungeon |   3221 |   3045 |    176 |     23 |   2360 |   5 |  644.2 |
        Temple |    200 |    187 |     13 |      0 |    176 |   1 |  200.0 |
               +--------+--------+--------+--------+--------+-----+--------+

Top non-repeatable levels by time:
     D:1: 965 daAuts
     D:3: 721 daAuts
     D:4: 639 daAuts
     D:2: 506 daAuts
     D:5: 389 daAuts
  Temple: 200 daAuts
